[Event "Fagernes Chess GM-Swiss 2024"]
[Site "Fagernes"]
[Date "2024.03.27"]
[Round "4.38"]
[White "Skramstad, Oda Kofoed"]
[Black "Myagmarsuren, Evsuld"]
[Result "1-0"]
[ECO "D45"]
[WhiteElo "1945"]
[BlackElo "2138"]
[Annotator "RC"]
[PlyCount "117"]
[EventDate "2024.03.25"]
[EventType "swiss"]
[EventCountry "NOR"]
[SourceTitle "playchess.com"]
[Source "ChessBase"]
[SourceQuality "1"]
[TimeControl "40/6000+30:2400+30"]

1. d4 d5 2. c4 e6 3. Nc3 c6 4. Nf3 Nf6 5. e3 Nbd7 6. Qc2 Bd6 7. g4 h6 8. Rg1 e5 9. Be2 e4 10. Nd2 a6 11. h4 g5 12. Rh1 gxh4 13. Rxh4 b5 14. cxd5 cxd5 15. g5 b4 16. Nxd5 Nxd5 17. Qxe4+ Kf8 18. Qxd5 Nb6 19. Qg2 Rg8 20. Rxh6 Be6 21. Ne4 Bd5 22. Bf3 Be7 23. g6 f6 24. Ng3 Rc8 25. Nf5 Be6 26. g7+ Ke8 27. Bh5+ Kd7 28. Nxe7 Kxe7 29. Qg6 Kd7 30. Bg4 Qe7 31. Bxe6+ Kxe6 32. Qe4+ Kf7 33. Qxe7+ Kxe7 34. Rg6 Kf7 35. Rg3 Rc2 36. b3 Nd5 37. a3 Nc3 38. axb4 Ne4 39. Rg2 Rxg7 40. Rxg7+ Kxg7 41. f3 Ng5 42. Kd1 Rc3 43. Bd2 Rc6 44. Ke2 Rd6 45. Ra5 Rb6 46. e4 Ne6 47. Kd3 Kf7 48. d5 Nd8 49. Ra4 Nb7 50. Be3 Rb5 51. Bc5 f5 52. Kc4 Nd8 53. Rxa6 Rb8 54. e5 Ke8 55. Ra7 Nb7 56. d6 f4 57. e6 Kd8 58. Ra1 Rc8 59. Kd5 1-0

[Event "Fagernes Chess GM-Swiss 2024"]
[Site "Fagernes"]
[Date "2024.03.27"]
[Round "4.39"]
[White "Elsness, Fredrik Valstad"]
[Black "Southcott-Moyers, Indy"]
[Result "0-1"]
[ECO "C54"]
[WhiteElo "1873"]
[BlackElo "2120"]
[Annotator "RC"]
[PlyCount "66"]
[EventDate "2024.03.25"]
[EventType "swiss"]
[EventCountry "NOR"]
[SourceTitle "playchess.com"]
[Source "ChessBase"]
[SourceQuality "1"]
[TimeControl "40/6000+30:2400+30"]

1. e4 e5 2. Nf3 Nc6 3. Bc4 Bc5 4. c3 Nf6 5. d4 exd4 6. b4 Bb6 7. e5 d5 8. exf6 dxc4 9. Qe2+ Be6 10. b5 d3 11. Qe4 Nb4 12. O-O Nc2 13. fxg7 Rg8 14. Bg5 Qd5 15. Qxh7 Kd7 16. Nbd2 Bf5 17. Qh6 Rae8 18. Rad1 Kc8 19. a4 Kb8 20. Bf6 Ka8 21. Qh4 Be4 22. Rfe1 Nxe1 23. Rxe1 Bxf3 24. Rxe8+ Rxe8 25. Qh8 Qe6 26. Nxf3 d2 27. h4 d1=Q+ 28. Kh2 Qdd6+ 29. g3 Qc8 30. Qh6 Bxf2 31. Qg5 Qxg3+ 32. Qxg3 Bxg3+ 33. Kxg3 Qf5 0-1

[Event "Fagernes Chess GM-Swiss 2024"]
[Site "Fagernes"]
[Date "2024.03.27"]
[Round "4.40"]
[White "Stai, Sondre"]
[Black "Fiskaaen, Martin Holten"]
[Result "0-1"]
[ECO "B23"]
[WhiteElo "1842"]
[BlackElo "2118"]
[Annotator "RC"]
[PlyCount "76"]
[EventDate "2024.03.25"]
[EventType "swiss"]
[EventCountry "NOR"]
[SourceTitle "playchess.com"]
[Source "ChessBase"]
[SourceQuality "1"]
[TimeControl "40/6000+30:2400+30"]

1. e4 c5 2. Nc3 Nc6 3. Bb5 Nd4 4. Nf3 a6 5. Bd3 g6 6. Rb1 Bg7 7. b4 cxb4 8. Rxb4 Nc6 9. Rb1 Nf6 10. O-O O-O 11. Re1 d6 12. a4 Rb8 13. h3 Qa5 14. Bb2 Nd7 15. Bf1 Nde5 16. Nxe5 Bxe5 17. Nd5 Bxb2 18. Rxb2 Qxa4 19. Nb6 Qa5 20. c3 Be6 21. Qb1 Qg5 22. Re3 f5 23. exf5 Bxf5 24. Qa2+ Kh8 25. Qd5 Qf6 26. d4 e5 27. Rf3 Qe7 28. Bxa6 exd4 29. Re2 Ne5 30. Qxd4 bxa6 31. Rfe3 Qf6 32. Nd5 Qg7 33. g4 Be6 34. f4 Bxd5 35. Qxd5 Rb5 36. Qe6 Qf7 37. Qxd6 Qxf4 38. Qxe5+ Rxe5 0-1

[Event "Fagernes Chess GM-Swiss 2024"]
[Site "Fagernes"]
[Date "2024.03.27"]
[Round "4.41"]
[White "Rounaiv Rana"]
[Black "Rynning, Rune Kleiven"]
[Result "1-0"]
[ECO "E32"]
[WhiteElo "2099"]
[BlackElo "1813"]
[Annotator "NA RC"]
[PlyCount "63"]
[EventDate "2024.03.25"]
[EventType "swiss"]
[EventCountry "NOR"]
[SourceTitle "playchess.com"]
[Source "ChessBase"]
[SourceQuality "1"]
[TimeControl "40/6000+30:2400+30"]

1. d4 Nf6 2. c4 e6 3. Nc3 Bb4 4. Qc2 O-O 5. e4 d5 6. e5 Ne4 7. Bd3 c5 8. Nf3 cxd4 9. Nxd4 Nd7 10. Bf4 Qh4 11. g3 Qh5 12. h4 g5 13. Be3 Nxe5 14. Bxe4 dxe4 15. Qxe4 Bxc3+ 16. bxc3 Nxc4 17. hxg5 Qg6 18. Nf5 Qxf5 19. Qxc4 Bd7 20. Qf4 Qxf4 21. gxf4 f6 22. Rh6 fxg5 23. fxg5 Rac8 24. Rd1 Ba4 25. Rd4 Bb5 26. a4 Bc4 27. Rd7 Bd5 28. Rhxh7 Rfd8 29. Rdg7+ Kf8 30. Bd4 e5 31. Bxe5 Bg8 32. Rh8 1-0

[Event "Fagernes Chess GM-Swiss 2024"]
[Site "Fagernes"]
[Date "2024.03.27"]
[Round "4.42"]
[White "Avetisyan, Ani"]
[Black "Havik, Victor"]
[Result "1-0"]
[ECO "D37"]
[WhiteElo "1840"]
[BlackElo "2078"]
[Annotator "NA RC"]
[PlyCount "63"]
[EventDate "2024.03.25"]
[EventType "swiss"]
[EventCountry "NOR"]
[SourceTitle "playchess.com"]
[Source "ChessBase"]
[SourceQuality "1"]
[TimeControl "40/6000+30:2400+30"]

1. d4 Nf6 2. c4 e6 3. Nf3 d5 4. Nc3 Nbd7 5. Bf4 dxc4 6. e3 b5 7. Nxb5 Bb4+ 8. Nc3 Nd5 9. Qc2 N7b6 10. Be2 Bxc3+ 11. bxc3 Nxf4 12. exf4 Bb7 13. O-O O-O 14. Ne5 Bd5 15. Qd2 f6 16. Ng4 Qd6 17. Ne3 Rad8 18. Rad1 f5 19. Rfe1 Qa3 20. Nxd5 Rxd5 21. Bf3 Ra5 22. Rxe6 Qxa2 23. Qe3 Qa4 24. Re1 Nd5 25. Bxd5 Rxd5 26. Re7 Qc6 27. Qg3 g6 28. Qh4 h5 29. Qg5 Rf7 30. R7e6 Rd6 31. Qxg6+ Kf8 32. Qh6+ 1-0

[Event "Fagernes Chess GM-Swiss 2024"]
[Site "Fagernes"]
[Date "2024.03.27"]
[Round "4.43"]
[White "Lilliehook, Victor"]
[Black "Rasmussen, Casper"]
[Result "1/2-1/2"]
[ECO "C43"]
[WhiteElo "2060"]
[BlackElo "2244"]
[Annotator "RC"]
[PlyCount "124"]
[EventDate "2024.03.25"]
[EventType "swiss"]
[EventCountry "NOR"]
[SourceTitle "playchess.com"]
[Source "ChessBase"]
[SourceQuality "1"]
[TimeControl "40/6000+30:2400+30"]

1. e4 e5 2. Nf3 Nf6 3. d4 Nxe4 4. dxe5 d5 5. Nbd2 Nxd2 6. Bxd2 Be7 7. Bd3 c5 8. c3 Nc6 9. O-O Bg4 10. Re1 O-O 11. h3 Bh5 12. Bf4 Qd7 13. Be2 Rad8 14. Qd2 f6 15. Rad1 Bf7 16. Bd3 fxe5 17. Nxe5 Nxe5 18. Bxe5 Bh5 19. Be2 Bxe2 20. Rxe2 Bf6 21. Bxf6 Rxf6 22. Qg5 h6 23. Qe5 b6 24. Red2 Rd6 25. Rd3 Qf7 26. Rf3 Qe6 27. Qxe6+ Rxe6 28. Rfd3 Red6 29. a4 Kf7 30. f4 d4 31. cxd4 Rxd4 32. Rxd4 cxd4 33. Kf2 Ke6 34. Ke2 Kd5 35. Rd3 Ke4 36. Rg3 Rd7 37. Rg4 d3+ 38. Kd2 Kf5 39. Rh4 Rd4 40. Rg4 g6 41. g3 g5 42. b3 a5 43. Kc1 d2+ 44. Kd1 Rd3 45. fxg5 hxg5 46. b4 axb4 47. Rxb4 Rxg3 48. Kxd2 Rxh3 49. Ke2 Rh4 50. Rb5+ Kf4 51. Kf2 Rh2+ 52. Kg1 Ra2 53. Rxb6 Kg3 54. Rb3+ Kh4 55. Rb4+ g4 56. Rc4 Kh3 57. Rc3+ g3 58. Rc1 Rxa4 59. Rb1 Ra2 60. Rc1 Rg2+ 61. Kh1 Rb2 62. Kg1 Ra2 1/2-1/2

[Event "Fagernes Chess GM-Swiss 2024"]
[Site "Fagernes"]
[Date "2024.03.27"]
[Round "4.44"]
[White "Okuno Okuno, Rion"]
[Black "Akshit Kumar J"]
[Result "1-0"]
[ECO "C42"]
[WhiteElo "1981"]
[BlackElo "2172"]
[Annotator "RC"]
[PlyCount "147"]
[EventDate "2024.03.25"]
[EventType "swiss"]
[EventCountry "NOR"]
[SourceTitle "playchess.com"]
[Source "ChessBase"]
[SourceQuality "1"]
[TimeControl "40/6000+30:2400+30"]

1. e4 e5 2. Nf3 Nf6 3. Nxe5 d6 4. Nf3 Nxe4 5. d4 d5 6. Bd3 Be7 7. O-O Nc6 8. Nbd2 Nd6 9. c3 Bf5 10. Bc2 O-O 11. Bb3 Ne4 12. Re1 Re8 13. Nxe4 dxe4 14. Nd2 Bd6 15. Nc4 Qf6 16. Nxd6 Qxd6 17. Qh5 Bg6 18. Qg5 h6 19. Qg4 Na5 20. Bf4 Qc6 21. d5 Qb5 22. c4 Qc5 23. Rac1 Re7 24. Red1 Nxb3 25. axb3 Rd8 26. h4 Kh8 27. Be3 Qd6 28. h5 Bh7 29. Qh4 Red7 30. Bd4 Kg8 31. Rc3 f5 32. Be3 Rf8 33. Bf4 Qc5 34. Qg3 Kh8 35. Be5 Rdf7 36. Qf4 Qe7 37. Rg3 Re8 38. Bd4 Qd6 39. Be3 Qxf4 40. Bxf4 Rd7 41. Ra1 a6 42. Kf1 Bg8 43. Rh3 Bf7 44. Ke2 Kh7 45. Kd2 Rb8 46. Kc3 Re8 47. Kd4 Ree7 48. Rg1 Be8 49. Rh4 Bf7 50. Rh3 Be6 51. Ke3 Bf7 52. Rh4 Re8 53. g4 fxg4 54. Rgxg4 b5 55. Bg3 bxc4 56. bxc4 c6 57. d6 Bxc4 58. Rxe4 Rxe4+ 59. Rxe4 Bf7 60. Ra4 Bxh5 61. Rxa6 Bg4 62. Rxc6 Rb7 63. Rc7 Rb3+ 64. Ke4 Rb4+ 65. Kd3 Rxb2 66. Be5 Bf5+ 67. Ke3 Rb3+ 68. Kf4 Kg6 69. Rxg7+ Kh5 70. Kxf5 Rf3+ 71. Ke6 Rxf2 72. d7 Rd2 73. Rg8 Re2 74. Re8 1-0

[Event "Fagernes Chess GM-Swiss 2024"]
[Site "Fagernes"]
[Date "2024.03.27"]
[Round "4.45"]
[White "Mihajlov, Svetoslav"]
[Black "Zheng, Harry Z"]
[Result "1/2-1/2"]
[ECO "C90"]
[WhiteElo "2094"]
[BlackElo "2077"]
[Annotator "RC"]
[PlyCount "105"]
[EventDate "2024.03.25"]
[EventType "swiss"]
[EventCountry "NOR"]
[SourceTitle "playchess.com"]
[Source "ChessBase"]
[SourceQuality "1"]
[TimeControl "40/6000+30:2400+30"]

1. e4 e5 2. Nf3 Nc6 3. Bb5 a6 4. Ba4 Nf6 5. O-O Be7 6. Re1 b5 7. Bb3 d6 8. c3 O-O 9. h3 Na5 10. Bc2 c5 11. d3 Nc6 12. Nbd2 Re8 13. Nf1 Bf8 14. Ng3 g6 15. Nh2 Bg7 16. Be3 Be6 17. Qd2 Qe7 18. Bg5 Qf8 19. Bb3 h6 20. Bxe6 Rxe6 21. Bxf6 Bxf6 22. Ng4 Bg7 23. Ne3 Ne7 24. Nd5 Nxd5 25. exd5 Re7 26. a4 f5 27. Ra2 Rb7 28. Rea1 b4 29. c4 Re8 30. Re1 Rbe7 31. Ne2 g5 32. Ng3 e4 33. dxe4 fxe4 34. Nf1 Qf6 35. b3 Qd4 36. Re2 Qf6 37. Ne3 h5 38. Qd1 Kf7 39. Re1 Kg6 40. Rae2 Qf4 41. Qc2 Bc3 42. Rd1 Kf7 43. Qc1 Rg8 44. Nf1 Bd4 45. Rde1 Bc3 46. Rd1 h4 47. Nh2 Qxc1 48. Rxc1 Kg6 49. Ng4 Rge8 50. Kf1 Bd4 51. Rce1 Bc3 52. Rc1 Bd4 53. Rce1 1/2-1/2

[Event "Fagernes Chess GM-Swiss 2024"]
[Site "Fagernes"]
[Date "2024.03.27"]
[Round "4.46"]
[White "Amundsen, Ask"]
[Black "Juodziukynas, Aidas"]
[Result "1-0"]
[ECO "E06"]
[WhiteElo "2069"]
[BlackElo "1893"]
[Annotator "NA RC"]
[PlyCount "101"]
[EventDate "2024.03.25"]
[EventType "swiss"]
[EventCountry "NOR"]
[SourceTitle "playchess.com"]
[Source "ChessBase"]
[SourceQuality "1"]
[TimeControl "40/6000+30:2400+30"]

1. Nf3 Nf6 2. g3 d5 3. Bg2 c5 4. O-O Nc6 5. d4 e6 6. c4 Be7 7. dxc5 Bxc5 8. a3 a5 9. Qc2 Be7 10. Rd1 O-O 11. Nc3 d4 12. e3 e5 13. exd4 exd4 14. Nb5 Bc5 15. Nbxd4 Nxd4 16. Nxd4 Qb6 17. Nb5 Bg4 18. Re1 Rae8 19. Bf4 Bf5 20. Qd2 Rd8 21. Qe2 Bd3 22. Bc7 Qxc7 23. Nxc7 Bxe2 24. Rxe2 Rd4 25. Rc1 Rc8 26. Nb5 Rd3 27. Bxb7 Rcd8 28. Nc3 Rd2 29. Rc2 R2d7 30. Bf3 h6 31. Na4 Ba7 32. b4 Rd3 33. Rc3 Rxc3 34. Nxc3 Rd3 35. Nb5 Bb6 36. Be4 Nxe4 37. Rxe4 axb4 38. axb4 Rb3 39. Re8+ Kh7 40. Rb8 Rxb4 41. Rxb6 Rxc4 42. Nd6 Rc1+ 43. Kg2 f6 44. Rb7 Rc5 45. Ne8 Rg5 46. Nxf6+ Kg6 47. Ne8 Kh7 48. Rxg7+ Rxg7 49. Nxg7 Kxg7 50. Kf3 Kg6 51. Ke4 1-0

[Event "Fagernes Chess GM-Swiss 2024"]
[Site "Fagernes"]
[Date "2024.03.27"]
[Round "4.47"]
[White "Thangavel, Gokul"]
[Black "Valcu, Lavinia"]
[Result "1-0"]
[ECO "A40"]
[WhiteElo "1990"]
[BlackElo "2070"]
[Annotator "RC"]
[PlyCount "83"]
[EventDate "2024.03.25"]
[EventType "swiss"]
[EventCountry "NOR"]
[SourceTitle "playchess.com"]
[Source "ChessBase"]
[SourceQuality "1"]
[TimeControl "40/6000+30:2400+30"]

1. Nf3 b6 2. d4 Bb7 3. Bf4 e6 4. e3 f5 5. c4 Nf6 6. h3 d6 7. Nc3 Nbd7 8. Be2 Be7 9. O-O Ne4 10. Nxe4 fxe4 11. Nd2 O-O 12. Qc2 Nf6 13. f3 exf3 14. Bxf3 Bxf3 15. Rxf3 Nh5 16. Raf1 Nxf4 17. Rxf4 Rxf4 18. Rxf4 Bg5 19. Re4 Qf6 20. Nf3 Bh6 21. Qa4 Qf5 22. Qc6 Rf8 23. c5 bxc5 24. dxc5 Qd5 25. Qxd5 exd5 26. Re7 Rf7 27. Re8+ Rf8 28. Re7 dxc5 29. Kf2 g6 30. Rxc7 Re8 31. Rxa7 Bxe3+ 32. Kf1 d4 33. b3 Rd8 34. Ke2 Bf4 35. Kd3 Re8 36. Kc4 Rd8 37. Ne1 Bh6 38. Nd3 Bf8 39. a4 Re8 40. Nxc5 Rc8 41. b4 d3 42. Rd7 1-0

[Event "Fagernes Chess GM-Swiss 2024"]
[Site "Fagernes"]
[Date "2024.03.27"]
[Round "4.48"]
[White "Gandrud, Vegar Koi"]
[Black "Sachi Jain"]
[Result "1-0"]
[ECO "E04"]
[WhiteElo "2293"]
[BlackElo "1992"]
[Annotator "RC"]
[PlyCount "147"]
[EventDate "2024.03.25"]
[EventType "swiss"]
[EventCountry "NOR"]
[SourceTitle "playchess.com"]
[Source "ChessBase"]
[SourceQuality "1"]
[TimeControl "40/6000+30:2400+30"]

1. d4 d5 2. c4 e6 3. Nf3 Nf6 4. g3 dxc4 5. Bg2 c5 6. O-O Nc6 7. dxc5 Qxd1 8. Rxd1 Bxc5 9. Nbd2 c3 10. bxc3 Bd7 11. Nb3 Be7 12. c4 O-O 13. Bb2 Rfd8 14. c5 Be8 15. Nfd2 b6 16. Rac1 bxc5 17. Nxc5 Bxc5 18. Rxc5 Rab8 19. Bxf6 gxf6 20. Bxc6 Rbc8 21. Rdc1 Rxd2 22. Bxe8 Rxe8 23. R1c2 Red8 24. Rxd2 Rxd2 25. Ra5 Rd7 26. e4 Kg7 27. Kg2 Kg6 28. g4 e5 29. Ra6 Rc7 30. Kg3 h6 31. h4 Kg7 32. h5 Rc3+ 33. Kg2 Rc7 34. Kf3 Rc3+ 35. Ke2 Rc2+ 36. Ke3 Rc3+ 37. Kd2 Rc4 38. Kd3 Rd4+ 39. Ke3 Rd7 40. f3 Rc7 41. Kd3 Rd7+ 42. Kc4 Rd4+ 43. Kc3 Rd1 44. Ra3 Kf8 45. Kb4 Rd7 46. Kb5 Ke7 47. Ka6 Kd8 48. Rc3 Rd2 49. a4 Ra2 50. a5 Kd7 51. Rb3 Kc6 52. Rb8 Kc5 53. Rb7 Ra3 54. Rxa7 Rxf3 55. Rxf7 Kd4 56. Kb7 Rb3+ 57. Ka7 Kxe4 58. Rxf6 Kd3 59. Rxh6 e4 60. Rd6+ Ke2 61. Re6 e3 62. h6 Rb1 63. h7 Rh1 64. Re7 Kf2 65. g5 e2 66. g6 Rh3 67. a6 e1=Q 68. Rxe1 Kxe1 69. Kb8 Rb3+ 70. Kc8 Rc3+ 71. Kd8 Rd3+ 72. Ke8 Re3+ 73. Kf8 Rf3+ 74. Kg7 1-0

[Event "Fagernes Chess GM-Swiss 2024"]
[Site "Fagernes"]
[Date "2024.03.27"]
[Round "4.49"]
[White "Bech, Havard Eriksen"]
[Black "Joel Paul Ganta"]
[Result "0-1"]
[ECO "D45"]
[WhiteElo "1951"]
[BlackElo "1993"]
[Annotator "RC"]
[PlyCount "136"]
[EventDate "2024.03.25"]
[EventType "swiss"]
[EventCountry "NOR"]
[SourceTitle "playchess.com"]
[Source "ChessBase"]
[SourceQuality "1"]
[TimeControl "40/6000+30:2400+30"]

1. c4 c6 2. Nf3 Nf6 3. Nc3 d5 4. e3 Nbd7 5. d4 e6 6. Qc2 Bd6 7. b3 O-O 8. Bb2 b6 9. Be2 Bb7 10. O-O Rc8 11. Rad1 Qe7 12. Rfe1 c5 13. cxd5 exd5 14. Bf1 cxd4 15. Nxd4 g6 16. f3 Bb4 17. Rc1 a6 18. Qf2 Rc7 19. a3 Bd6 20. Nb1 Rxc1 21. Rxc1 Ne5 22. a4 Neg4 23. fxg4 Bxh2+ 24. Kh1 Ne4 25. Qf3 Qh4 26. Qh3 Nf2+ 27. Kxh2 Nxh3 28. gxh3 Qf2+ 29. Bg2 Qxb2 30. Rc7 Ba8 31. Nc3 Qd2 32. Nce2 Qxe3 33. Ra7 Qe5+ 34. Kh1 a5 35. Rd7 Re8 36. Bf3 Qb8 37. Kg2 Bb7 38. Kh1 Kf8 39. Kg2 Rc8 40. g5 Ke8 41. Bg4 Rc5 42. Nb5 Rxb5 43. axb5 Qc8 44. Rxf7 Qxg4+ 45. hxg4 Kxf7 46. Nd4 Ke7 47. Kf3 Kd6 48. Kf4 Bc8 49. Ne2 Be6 50. Nc3 Bd7 51. Ke3 Ke5 52. Na4 Bxb5 53. Nxb6 d4+ 54. Kf3 Bc6+ 55. Ke2 Ke4 56. Kd2 Bb5 57. Na8 Bd7 58. Nb6 Be6 59. Na4 Bxg4 60. Nc5+ Kf4 61. Kd3 Bc8 62. Kxd4 Kxg5 63. Ne4+ Kf4 64. Nf6 h5 65. Nd5+ Kf3 66. Ne7 Bf5 67. Nc6 h4 68. Nxa5 h3 0-1

[Event "Fagernes Chess GM-Swiss 2024"]
[Site "Fagernes"]
[Date "2024.03.27"]
[Round "5.1"]
[White "Ganguly, Surya Shekhar"]
[Black "Gorshtein, Ido"]
[Result "1/2-1/2"]
[ECO "D45"]
[WhiteElo "2574"]
[BlackElo "2539"]
[Annotator "TA"]
[PlyCount "119"]
[EventDate "2024.03.25"]
[EventType "swiss"]
[EventCountry "NOR"]
[SourceTitle "playchess.com"]
[Source "ChessBase"]
[SourceQuality "1"]
[TimeControl "40/6000+30:2400+30"]

1. c4 c6 2. Nf3 d5 3. e3 Nf6 4. Nc3 Nbd7 5. Qc2 e6 6. b3 Bd6 7. Bb2 O-O 8. Be2 Re8 9. d4 b6 10. O-O Bb7 11. a4 a6 12. Bd3 c5 13. cxd5 $1 exd5 14. Rfd1 Rc8 15. Qe2 cxd4 16. Nxd4 Nc5 17. Bf5 Rc7 18. b4 Ne6 19. Na2 $1 Nf4 20. Qf1 Ng6 21. Bd3 a5 (21... Ne5 $11) 22. bxa5 bxa5 23. h3 Rc8 24. Rac1 Ne5 (24... Bb8 $14) 25. Bb5 $16 Rxc1 26. Rxc1 Nfd7 27. Nf5 Bf8 28. Qd1 {[%emt 0:01:24] White has more active pieces.} g6 29. Ng3 Bg7 30. Bd4 {[%emt 0:00:25] f4 is the strong threat.} Re6 31. f4 Nc6 32. Bxg7 Kxg7 33. Qxd5 Nf6 34. Qxd8 Nxd8 35. Kf2 Rd6 {[%emt 0:00:38] [#] And now ...Rd2+ would win.} 36. Nc3 Rd2+ 37. Nge2 Ne6 38. Ke1 Rd8 39. g4 h6 40. Nd1 Bg2 41. Ng1 Ba8 42. Be2 Ne4 43. Nf3 N6c5 (43... g5 $11) 44. Nd4 (44. Ne5 $14) 44... Rc8 (44... Rb8 $1 $11) 45. Nb3 Bd5 46. Nxc5 ({And not} 46. Nxa5 Nd3+ 47. Bxd3 Rxc1 48. Bxe4 Bxe4 $17) 46... Rxc5 47. Rxc5 Nxc5 $14 {[%emt 0:00:00][%mdl 4096] Endgame. KBN-KBN} 48. Nc3 Bb3 49. Bd1 Be6 50. h4 g5 {[%emt 0:00:00] The position is equal.} 51. hxg5 hxg5 52. Kf2 Bd7 53. Kg3 f6 54. Kf3 Bc6+ 55. e4 {[%emt 0:00:00] White wants to play f5.} gxf4 56. Kxf4 Ne6+ 57. Ke3 Kh6 58. Kd3 Kg5 59. Kc4 Kf4 60. Nd5+ {[%emt 0:00:00] Weighted Error Value: White=0.10 (very precise) /Black=0.11 (very precise) .  Mistake:       	White=1     	Black=4      Inaccurate:     	White=6     	Black=1      OK:         	White=17    	Black=24     Best:        	White=1     	Black=2      Strong:       	White=2     	---} 1/2-1/2

[Event "Fagernes Chess GM-Swiss 2024"]
[Site "Fagernes"]
[Date "2024.03.27"]
[Round "5.2"]
[White "Jumabayev, Rinat"]
[Black "Sidhant, Mohapatra"]
[Result "1/2-1/2"]
[ECO "D12"]
[WhiteElo "2598"]
[BlackElo "2379"]
[Annotator "TA"]
[PlyCount "44"]
[EventDate "2024.03.25"]
[EventType "swiss"]
[EventCountry "NOR"]
[SourceTitle "playchess.com"]
[Source "ChessBase"]
[SourceQuality "1"]
[TimeControl "40/6000+30:2400+30"]

1. Nf3 d5 2. d4 Nf6 3. c4 c6 4. e3 Bf5 5. Nc3 e6 6. Nh4 Be4 7. f3 Bg6 8. Bd2 a5 9. Nxg6 hxg6 {[%emt 0:00:09] White is slightly better.} 10. Qc2 Be7 11. Bd3 Nbd7 12. cxd5 Nxd5 13. Nxd5 exd5 14. O-O-O Qb6 15. e4 dxe4 16. Bxe4 f5 17. Bd3 O-O-O $1 18. Qa4 Bb4 {[%emt 0:00:00] The position is equal.} 19. Bg5 Nf6 20. a3 Bd6 21. Bc4 Kb8 22. h4 Qc7 {[%emt 0:00:00] Weighted Error Value: White=0.10 (very precise) /Black=0.06 (flawless) .  Inaccurate:     	---       	Black=2      OK:         	White=4     	Black=4      Strong:       	---       	Black=1} 1/2-1/2

[Event "Fagernes Chess GM-Swiss 2024"]
[Site "Fagernes"]
[Date "2024.03.27"]
[Round "5.3"]
[White "Ingebretsen, Jens E"]
[Black "Urkedal, Frode Olav Olsen"]
[Result "1/2-1/2"]
[ECO "A20"]
[WhiteElo "2402"]
[BlackElo "2536"]
[Annotator "TA"]
[PlyCount "43"]
[EventDate "2024.03.25"]
[EventType "swiss"]
[EventCountry "NOR"]
[SourceTitle "playchess.com"]
[Source "ChessBase"]
[SourceQuality "1"]
[TimeControl "40/6000+30:2400+30"]

1. c4 e5 2. g3 c6 3. Nf3 e4 4. Nd4 d5 5. cxd5 Qxd5 6. e3 Nf6 7. Bg2 Qe5 8. Nc3 Bc5 {[%emt 0:06:29] The position is equal.} 9. d3 (9. O-O {seems wilder.} O-O 10. d3 exd3 11. Qxd3 Rd8 12. Nf3) 9... exd3 10. Qxd3 Bxd4 11. Qxd4 Qxd4 12. exd4 Be6 13. Bg5 Nd5 14. O-O h6 15. Nxd5 Bxd5 {[%emt 0:20:20] Black is weak on the dark squares} 16. Rfe1+ Kd7 {[%emt 0:03:14][%cal Be8d7,Bd7e7,Be7f7][%mdl 32] [#]} 17. Bh3+ $1 {[%emt 0:02:21] A strong pair of Bishops.} (17. Bxd5 cxd5 18. Bd2 (18. Re7+ Kd6 $15) 18... Nc6 $11) 17... Be6 18. Bxe6+ fxe6 19. Bf4 Ke7 20. Re4 {[%emt 0:04:58] Rae1 is the strong threat. White is much more active. The black rooks are passive.} Kf7 21. Rae1 Re8 22. Bxb8 {[%emt 0:06:03] Weighted Error Value: White=0.07 (flawless) /Black=0.12 (very precise) .  Inaccurate:     	White=2     	Black=3      OK:         	White=7     	Black=5      Best:        	---       	Black=1      Strong:       	White=1     	---} 1/2-1/2

[Event "Fagernes Chess GM-Swiss 2024"]
[Site "Fagernes"]
[Date "2024.03.27"]
[Round "5.5"]
[White "Ghasi, Ameet K"]
[Black "Sasikiran, Krishnan"]
[Result "1/2-1/2"]
[ECO "D11"]
[WhiteElo "2485"]
[BlackElo "2578"]
[Annotator "TA"]
[PlyCount "92"]
[EventDate "2024.03.25"]
[EventType "swiss"]
[EventCountry "NOR"]
[SourceTitle "playchess.com"]
[Source "ChessBase"]
[SourceQuality "1"]
[TimeControl "40/6000+30:2400+30"]

1. Nf3 d5 2. g3 Nf6 3. Bg2 c6 4. O-O Bg4 5. d4 Nbd7 6. h3 Bh5 7. c4 e6 8. Qb3 Qb6 9. Nc3 Be7 10. Nh4 O-O 11. g4 Bg6 (11... Qxd4 $2 12. Nf3 (12. Qxb7 Qxc4 13. Rd1 a5 $17) 12... Qxc4 13. Qxc4 (13. gxh5 Qxb3 14. axb3 Nxh5 $18) 13... dxc4 14. gxh5 $18) 12. Nxg6 {[%emt 0:06:56] The position is equal.} hxg6 13. Rd1 Rfd8 14. g5 Ne8 15. e4 dxc4 16. Qxc4 e5 17. d5 Bc5 18. Qe2 Bd4 19. dxc6 bxc6 20. Be3 Nc5 {[%emt 0:02:51] Inhibits Na4.} 21. Rac1 Nc7 22. Bxd4 ({White should play} 22. h4 $15) 22... exd4 23. Nb1 N7e6 24. Qd2 d3 25. Rc4 Rd4 $36 {[%emt 0:03:01][%mdl 2048] Black has strong initiative.} 26. Na3 Rad8 27. Rdc1 (27. b3 $17) 27... a5 $19 28. Kh1 a4 29. f4 Rxc4 30. Nxc4 Qc7 31. Ne5 (31. e5 $17 {is a better defense.}) 31... Rd4 32. Qe3 Qd6 33. Rd1 Rb4 $1 34. h4 $2 (34. Rc1) 34... Rxb2 35. Nc4 Re2 (35... Qxf4 $2 36. Qxf4 Nxf4 37. Nxb2 $18) 36. Nxd6 Rxe3 37. f5 Nf4 38. Rb1 (38. a3 $142) 38... Nd7 {[%emt 0:03:01] Excellent horsemanship.} (38... d2 $142 {( -> ...Re1+)} 39. Kh2 Re2) 39. Nc4 Re2 40. Bf3 Rf2 41. Bg4 Rg2 (41... Rxa2 42. fxg6 Nf8 (42... Rc2 43. Ne5 $17) 43. gxf7+ Kxf7 44. Rf1 $17) (41... gxf5 $142 42. exf5 Nd5 (42... Rxa2 $2 43. g6 $19)) 42. Rg1 $2 (42. Ne3 {is the only way for White.} Rg3 (42... Rxa2 $2 43. fxg6 Nxg6 44. Bxd7 $19) 43. fxg6 Rxe3 44. Bxd7 Nxg6 45. Bxc6) 42... Rc2 43. Ne3 Rb2 (43... Rxa2 $19 {is more deadly.} 44. fxg6 Nxg6 (44... Ne5 $2 45. gxf7+ Kf8 46. h5 $19) 45. Bxd7 Ne5 (45... Nxh4 46. Bg4 $17)) 44. fxg6 $17 {[%emt 0:01:46] Black is clearly better.} Ne5 (44... Nxg6 $17 45. Bxd7 Ne5) 45. gxf7+ $19 {[%emt 0:00:41] [#]} Kf8 $1 (45... Kxf7 46. Rf1 Nxg4 (46... Neg6 $2 47. h5 $18) 47. Rxf4+ (47. Nxg4 Ke6 $14) 47... Ke6 48. Nxg4 $11) 46. h5 {[%emt 0:07:39] [#]} (46. Rf1 $17 Nxg4 47. Nxg4) 46... Ne2 $1 {[%emt 0:01:37] Weighted Error Value: White=0.37/Black=0.32.  Missed win:     	---       	Black=1      Mistake:       	White=7     	Black=3      Inaccurate:     	White=2     	---        OK:         	White=17    	Black=19     Best:        	White=3     	Black=2      Strong:       	---       	Black=2} ({Not} 46... Kxf7 47. Rf1 Nxg4 48. Rxf4+ Ke6 49. Rxg4 $18 (49. Nxg4 Re2 $16)) (46... Nxf7 47. Rf1 Ne2 48. Rf3 $11) (46... Rxa2 47. h6 a3 (47... Kxf7 48. h7 $11) (47... Nxf7 48. Rf1 $11) 48. h7 $17) 1/2-1/2